 Dungeon Crawl Stone Soup version 0.31.0-11-ge490571c62 (webtiles) character file.

Game seed: 3722484531816731782

82 Sobieck the Ducker (level 4, -17/41 HPs)
             Began as a Gnoll Monk on Jan 31, 2024.
             Demolished by an ogre
             ... wielding a +0 giant spiked club
              (35 damage)
             ... on level 3 of the Dungeon.
             The game lasted 00:02:50 (1945 turns).

Sobieck the Ducker (Gnoll Monk)                     Turns: 1945, Time: 00:02:50

Health: -17/41     AC:  2    Str: 10    XL:     4   Next: 43%
Magic:  5/5        EV: 20    Int: 12    God:
Gold:   109        SH:  0    Dex: 14    Spells: 5/5 levels left

rFire   . . .        a - +0 spear
rCold   . . .        d - orb {light}
rNeg    . . .        b - +0 robe
rPois   .            (no helmet)
rElec   .            (no cloak)
rCorr   .            (no gloves)
SInv    .            (no boots)
Will    .....        (no amulet)
Stlth   +            i - +5 ring of evasion
HPRegen 0.26/turn    (no ring)
MPRegen 0.09/turn

%: no passive effects
@: brilliant, glowing
A: fangs 1, strong nose, distributed training
a: no special abilities


You were on level 3 of the Dungeon.
You visited 1 branch of the dungeon, and saw 3 of its levels.

You collected 109 gold pieces.

Inventory:

Hand Weapons
 a - a +0 spear (weapon)
Missiles
 j - 8 stones (quivered)
 k - 5 poisoned darts
 J - 4 atropa-tipped darts
Armour
 b - a +0 robe (worn)
 d - an orb of light (worn)
Jewellery
 i - a +5 ring of evasion (left hand)
Scrolls
 f - a scroll of fear {unknown}
 h - a scroll of revelation {unknown}
Potions
 c - a potion of ambrosia
 e - a potion of enlightenment {unknown}
 g - a potion of brilliance


   Skills:
 + Level 6.6 Fighting
 + Level 1.2 Short Blades
 + Level 1.2 Long Blades
 + Level 1.2 Axes
 + Level 1.2 Maces & Flails
 + Level 6.6 Polearms
 + Level 1.2 Staves
 + Level 1.2 Ranged Weapons
 + Level 1.2 Throwing
 + Level 1.2 Armour
 + Level 6.6 Dodging
 + Level 1.2 Stealth
 + Level 1.2 Shields
 + Level 1.2 Unarmed Combat
 + Level 1.2 Spellcasting
 + Level 1.0 Conjurations
 + Level 1.0 Hexes
 + Level 1.0 Summonings
 + Level 1.0 Necromancy
 + Level 1.0 Translocations
 + Level 1.0 Fire Magic
 + Level 1.0 Ice Magic
 + Level 1.0 Air Magic
 + Level 1.0 Earth Magic
 + Level 1.0 Alchemy
 + Level 1.3 Invocations
 + Level 1.2 Evocations
 + Level 1.1 Shapeshifting


You had 5 spell levels left.
You didn't know any spells.
Your spell library contained the following spells:

 Spells                   Type           Power      Damage    Failure   Level
 Brom's Barrelling Bould  Conj/Erth      4%         2d3       89%         4
 Fireball                 Conj/Fire      2%         3d4       99%         5
 Iskenderun's Battlesphe  Conj           4%         2d6       99%         5
 Conjure Ball Lightning   Conj/Air       2%         3x3d6     100%        6
 Orb of Destruction       Conj           2%         9d5       100%        7


Dungeon Overview and Level Annotations

Branches:
Dungeon (3/15)

Altars:


Innate Abilities, Weirdness & Mutations

You have very sharp teeth.
Your uncanny sense of smell can sniff out nearby items.
Your experience applies equally to all skills.


Message History

Unknown command.
Unknown command.
Sorry, you're not good enough to have a special ability.
Unknown command.
It was a potion of brilliance.
You feel clever all of a sudden.
Unknown command.
It was a potion of heal wounds.
You feel much better. The ogre closely misses you.
Unknown command.
You hit the ogre but do no damage. You hit the ogre but do no damage.
The ogre closely misses you.
You hit the ogre but do no damage.
Unknown command.
You hit the ogre but do no damage. The ogre completely misses you.
You hit the ogre.
The ogre is lightly wounded.
You hit the ogre.
The ogre is moderately wounded.
The ogre hits you with a +0 giant spiked club.
You barely miss the ogre.
The ogre is moderately wounded.
You hit the ogre.
The ogre is moderately wounded.
The ogre hits you with a +0 giant spiked club.
Unknown command.
You hit the ogre. You bite the ogre.
The ogre is heavily wounded.
You hit the ogre.
The ogre is heavily wounded.
The ogre hits you with a +0 giant spiked club!!
Ouch! That really hurt!
* * * LOW HITPOINT WARNING * * *
You hit the ogre.
The ogre is severely wounded.
Unknown command.
You feel much better.
The ogre hits you with a +0 giant spiked club!
* * * LOW HITPOINT WARNING * * *
Unknown command.
You hit the ogre. You bite the ogre, but do no damage.
The ogre is severely wounded.
You hit the ogre but do no damage. You bite the ogre.
The ogre is severely wounded.
The ogre misses you.
You hit the ogre.
The ogre is almost dead.
The ogre hits you with a +0 giant spiked club!!
Ouch! That really hurt!
You die...

.## ##+## #.# ##. ..##
#.# #.# #.. ##.## #.#
#.# ##. ##.#######.##
#.# ##
##....##...########### #
#
#)...#.....#........#.#
#
##....##...##.#......#.
#
##....†###.###.#O......
#
##..............@......#
........#######.#......#
#.......# #......<.#
######### ##########


You could see an ogre.

Vanquished Creatures
  3 gnolls (D:2)
  3 dart slugs
  3 ball pythons
  5 endoplasms
  4 giant cockroaches
  4 goblins
  6 hobgoblins
  2 quokkas
  4 bats (D:1)
  A frilled lizard (D:1)
  2 kobolds
  8 rats
45 creatures vanquished.

Notes
Turn   | Place    | Note
-------+----------+-------------------------------------------
     0 | D:1      | Sobieck the Gnoll Monk began the quest for the Orb.
     0 | D:1      | Reached XP level 1. HP: 23/23 MP: 1/1
    86 | D:1      | Reached XP level 2. HP: 29/29 MP: 2/2
   609 | D:1      | Reached XP level 3. HP: 35/35 MP: 3/3
   955 | D:2      | Reached skill level 1 in Invocations
  1323 | D:2      | Reached skill level 1 in Short Blades
  1323 | D:2      | Reached skill level 1 in Long Blades
  1323 | D:2      | Reached skill level 1 in Axes
  1323 | D:2      | Reached skill level 1 in Maces & Flails
  1323 | D:2      | Reached skill level 1 in Staves
  1323 | D:2      | Reached skill level 1 in Ranged Weapons
  1323 | D:2      | Reached skill level 1 in Throwing
  1323 | D:2      | Reached skill level 1 in Armour
  1323 | D:2      | Reached skill level 1 in Stealth
  1323 | D:2      | Reached skill level 1 in Shields
  1323 | D:2      | Reached skill level 1 in Unarmed Combat
  1323 | D:2      | Reached skill level 1 in Spellcasting
  1323 | D:2      | Reached skill level 1 in Evocations
  1419 | D:2      | Reached skill level 1 in Shapeshifting
  1419 | D:2      | Reached XP level 4. HP: 18/41 MP: 5/5
  1663 | D:2      | Found a faded altar of an unknown god.
  1708 | D:3      | Noticed an ogre
  1787 | D:3      | Reached skill level 1 in Conjurations
  1787 | D:3      | Reached skill level 1 in Hexes
  1787 | D:3      | Reached skill level 1 in Summonings
  1787 | D:3      | Reached skill level 1 in Necromancy
  1787 | D:3      | Reached skill level 1 in Translocations
  1787 | D:3      | Reached skill level 1 in Fire Magic
  1787 | D:3      | Reached skill level 1 in Ice Magic
  1787 | D:3      | Reached skill level 1 in Air Magic
  1787 | D:3      | Reached skill level 1 in Earth Magic
  1787 | D:3      | Reached skill level 1 in Alchemy
  1945 | D:3      | Demolished by an ogre

Illustrated notes

Levels and vault maps discovered:
D:1:      minmay_arrival_four_circles, layout_basic, serial_bayou,
          serial_bayou_pond_e, serial_bayou_pond_c, serial_bayou_crossing,
          serial_bayou_shore_a, serial_bayou_pond_d,
          amcnicky_mini_corridor_feature
D:2:      layout_rooms, dilly_ecumenical_altar_fadedgnrine
D:3:      layout_loops_corners, chequers_serial_rivers_micro_e

Skill      XL: |  1  2  3  4 |
---------------+-------------+-----
Invocations    | 1 |  1.3
Short Blades   | 1 |  1.2
Long Blades    | 1 |  1.2
Axes           | 1 |  1.2
Maces & Flails | 1 |  1.2
Staves         | 1 |  1.2
Ranged Weapons | 1 |  1.2
Throwing       | 1 |  1.2
Armour         | 1 |  1.2
Stealth        | 1 |  1.2
Shields        | 1 |  1.2
Unarmed Combat | 1 |  1.2
Spellcasting   | 1 |  1.2
Evocations     | 1 |  1.2
Shapeshifting  | 1 |  1.1
Conjurations   | 1 |  1.0
Hexes          | 1 |  1.0
Summonings     | 1 |  1.0
Necromancy     | 1 |  1.0
Translocations | 1 |  1.0
Fire Magic     | 1 |  1.0
Ice Magic      | 1 |  1.0
Air Magic      | 1 |  1.0
Earth Magic    | 1 |  1.0
Alchemy        | 1 |  1.0
Fighting       | |  6.6
Polearms       | |  6.6
Dodging        | |  6.6

Action                     |  1- 3 |  4- 6 || total
---------------------------+-------+-------++-------
  Melee: Spear             |   153 |    34 ||   187
         Bite              |    17 |     4 ||    21
  Throw: Stone             |       |     9 ||     9
    Use: Potion            |       |     3 ||     3
   Stab: Sleeping          |     1 |       ||     1
 Armour: Robe              |    36 |     6 ||    42
  Dodge: Dodged            |    76 |    10 ||    86
